[Event "Titled Tuesday Blitz February 21 Early 2023"]
[White "Lehtosaari, Mauri"]
[Black "Krzywda, Andrzej"]
[WhiteFideId "501999"]
[BlackFideId "1114565"]
[WhiteElo "2176"]
[BlackElo "2223"]
[Result "1-0"]
[Round "09"]
[TimeControl "180+2"]
[Date "2023.02.21"]
[WhiteClock "0:00:29"]
[BlackClock "0:00:59"]

1. d4 Nf6 2. Nf3 d5 3. Bg5 Bf5 4. c4 c6 5. Nc3 e6 6. Qb3 Qb6 7. c5 Qc7 8. e3 Nbd7 9. h3 h6 10. Bf4 Qc8 11. Qd1 a5 12. a3 g5 13. Bg3 Bg7 14. Bd3 Ne4 15. Bxe4 Bxe4 16. Nxe4 dxe4 17. Nd2 Nf6 18. Be5 O-O 19. Bxf6 Bxf6 20. Nxe4 Bg7 21. O-O Qd7 22. Qc2 a4 23. Nd6 b5 24. Rad1 f5 25. e4 f4 26. f3 Bf6 27. d5 exd5 28. exd5 cxd5 29. Rxd5 Qg7 30. b4 axb3 31. Qxb3 Kh8 32. Ne4 Bd4+ 33. Kh1 Be3 34. c6 Rfc8 35. Rd7 Qf8 36. Qc3+ Kg8 37. Nf6+ Kh8 38. Rh7# 1-0


[Site "https://www.chess.com"]

[Event "Titled Tuesday Blitz February 21 Early 2023"]
[White "Lerch, Philipp"]
[Black "Reprintsev, Alexander"]
[WhiteFideId "4654129"]
[BlackFideId "14100541"]
[WhiteElo "2305"]
[BlackElo "2253"]
[Result "0-1"]
[Round "09"]
[TimeControl "180+2"]
[Date "2023.02.21"]
[WhiteClock "0:00:05"]
[BlackClock "0:01:44"]

1. b3 e5 2. Bb2 Nc6 3. e3 d5 4. Bb5 Bd6 5. Nf3 f6 6. d4 e4 7. Nfd2 a6 8. Be2 f5 9. c4 Nf6 10. cxd5 Nb4 11. a3 Nbxd5 12. Nc3 Nxc3 13. Bxc3 Nd5 14. Bb2 Be6 15. Nc4 O-O 16. Nxd6 cxd6 17. Qd2 f4 18. O-O-O fxe3 19. fxe3 Qg5 20. Bc4 Rac8 21. Kb1 b5 22. Bxd5 Bxd5 23. Rc1 Bxb3 24. Qb4 Bc4 25. Qxd6 Qxe3 26. Rhe1 Qd3+ 27. Ka1 Qb3 28. Rxc4 bxc4 29. Qe6+ Kh8 30. Rc1 Rb8 31. Rb1 c3 32. Qxb3 Rxb3 33. Bc1 Rxb1+ 34. Kxb1 Rf2 35. d5 Kg8 36. d6 Kf7 37. Be3 0-1


[Site "https://www.chess.com"]

[Event "Titled Tuesday Blitz February 21 Early 2023"]
[White "Deng, Henry"]
[Black "Kalajzic, Ivan"]
[WhiteFideId "30965454"]
[BlackFideId "14506378"]
[WhiteElo "2168"]
[BlackElo "2062"]
[Result "0-1"]
[Round "09"]
[TimeControl "180+2"]
[Date "2023.02.21"]
[WhiteClock "0:00:24"]
[BlackClock "0:01:07"]

1. e4 Nc6 2. b3 e5 3. Bb2 Bc5 4. Nf3 d6 5. Bc4 Nf6 6. O-O O-O 7. d3 Bg4 8. h3 Bh5 9. a4 a6 10. Nbd2 Nd4 11. c3 Ne6 12. g4 Bg6 13. d4 exd4 14. cxd4 Ba7 15. e5 dxe5 16. dxe5 Ne4 17. Nxe4 Bxe4 18. Nd2 Bc6 19. Bxe6 fxe6 20. Kh2 Qh4 21. f4 Bf2 22. Rg1 Rxf4 23. Qe2 Bxg1+ 0-1


[Site "https://www.chess.com"]

[Event "Titled Tuesday Blitz February 21 Early 2023"]
[White "Ramirez Allo, Eduardo"]
[Black "Corredor Castellanos, Camilo"]
[WhiteFideId "2224178"]
[BlackFideId "4425871"]
[WhiteElo "2274"]
[BlackElo "1957"]
[Result "1-0"]
[Round "09"]
[TimeControl "180+2"]
[Date "2023.02.21"]
[WhiteClock "0:02:05"]
[BlackClock "0:00:55"]

1. d4 g6 2. c4 Bg7 3. Nf3 c5 4. g3 Nf6 5. Bg2 O-O 6. O-O cxd4 7. Nxd4 d6 8. Nc3 a6 9. b3 Nbd7 10. Bb2 Ra7 11. Rc1 Qa5 12. Qd2 Qh5 13. Rfd1 Bh6 14. e3 Ne5 15. Nd5 Nxd5 16. cxd5 Bg4 17. Re1 a5 18. Rc7 Re8 19. Rec1 a4 20. b4 a3 21. Ba1 Bh3 22. f4 Bxg2 23. Kxg2 Ng4 24. Nf3 Raa8 25. h3 Nf6 26. Bxf6 exf6 27. g4 1-0


[Site "https://www.chess.com"]

[Event "Titled Tuesday Blitz February 21 Early 2023"]
[White "Ezat, Mohamed"]
[Black "Topalov, Aleksandar"]
[WhiteFideId "10600906"]
[BlackFideId "925659"]
[WhiteElo "2402"]
[BlackElo "2233"]
[Result "0-1"]
[Round "09"]
[TimeControl "180+2"]
[Date "2023.02.21"]
[WhiteClock "0:00:37"]
[BlackClock "0:00:55"]

1. d4 Nf6 2. Nf3 g6 3. Nbd2 d5 4. e3 Bg7 5. b4 O-O 6. c4 c6 7. a4 a6 8. Bd3 Nbd7 9. Bb2 e5 10. Nxe5 Nxe5 11. dxe5 Ng4 12. Nf3 Qe7 13. O-O dxc4 14. Bxc4 Nxe5 15. Nxe5 Bxe5 16. Bxe5 Qxe5 17. Qb3 Be6 18. Bxe6 Qxe6 19. Qxe6 fxe6 20. Rfd1 Rfd8 21. Kf1 Kf7 22. Ke2 Ke7 23. g4 e5 24. h4 Ke6 25. f4 Rd5 26. Rxd5 cxd5 27. Rc1 exf4 28. exf4 Kd6 29. Kf2 Re8 30. Re1 Rxe1 31. Kxe1 h5 32. gxh5 gxh5 33. Ke2 Ke6 34. Kd3 Kf5 35. Kd4 Kxf4 36. Kxd5 Kg4 37. Kd6 Kxh4 38. Kc7 Kg4 39. Kxb7 h4 40. Kxa6 h3 41. b5 h2 42. b6 h1=Q 43. b7 Qh6+ 44. Ka7 Qe3+ 45. Ka8 Qe4 46. Ka7 Qxa4+ 47. Kb6 Qb4+ 48. Ka6 Qd6+ 49. Ka7 Qc7 50. Ka8 Qa5+ 51. Kb8 Kf5 52. Kc8 Qc5+ 53. Kd7 Qb6 54. Kc8 Qc6+ 55. Kb8 Ke6 56. Ka7 Qa4+ 57. Kb6 Qb4+ 58. Kc6 Qd6+ 59. Kb5 Qb8 60. Kb6 Kd7 61. Ka6 Kc7 62. Ka5 Qxb7 63. Ka4 Kc6 64. Ka5 Qb5# 0-1


[Site "https://www.chess.com"]

[Event "Titled Tuesday Blitz February 21 Early 2023"]
[White "Guzman Moneo, Alberto"]
[Black "Arencibia Monduy, Antonio"]
[WhiteFideId "2209616"]
[BlackFideId "3507939"]
[WhiteElo "2170"]
[BlackElo "2122"]
[Result "0-1"]
[Round "09"]
[TimeControl "180+2"]
[Date "2023.02.21"]
[WhiteClock "0:00:21"]
[BlackClock "0:00:39"]

1. e4 c5 2. Nc3 d6 3. Nge2 Nc6 4. g3 g6 5. d4 cxd4 6. Nxd4 Bg7 7. Be3 Nf6 8. Bg2 O-O 9. h3 Bd7 10. O-O Rc8 11. Nd5 Nxd4 12. Bxd4 Nxd5 13. Bxg7 Ne3 14. Qd2 Nxf1 15. Qh6 Rxc2 16. Rxf1 Re8 17. e5 Bc6 18. Bxc6 bxc6 19. exd6 Qxd6 20. Bc3 f6 21. h4 Re2 22. Qc1 Rd8 23. a3 Re6 24. Qc2 Kg7 25. Rc1 Qd5 26. Bb4 Qf3 27. Qc4 Re2 28. Bc5 Rdd2 29. Rf1 Rc2 30. Qb4 Qxg3+ 31. fxg3 Rg2+ 32. Kh1 Rh2+ 33. Kg1 Rcg2# 0-1


[Site "https://www.chess.com"]

[Event "Titled Tuesday Blitz February 21 Early 2023"]
[White "Afanasieva, Alexandra"]
[Black "Garv Gaur"]
[WhiteFideId "34126926"]
[BlackFideId "45030839"]
[WhiteElo "1857"]
[BlackElo "2006"]
[Result "0-1"]
[Round "09"]
[TimeControl "180+2"]
[Date "2023.02.21"]
[WhiteClock "0:00:04"]
[BlackClock "0:00:33"]

1. e4 c6 2. d4 d5 3. e5 Bf5 4. c4 e6 5. Nc3 Ne7 6. Nf3 dxc4 7. Bxc4 Nd7 8. h3 Nb6 9. Bd3 Bxd3 10. Qxd3 Nbd5 11. Ne4 Ng6 12. Bg5 Qa5+ 13. Bd2 Qb6 14. O-O Be7 15. a3 O-O 16. b4 Rfd8 17. g3 Nc7 18. Be3 Qb5 19. Qxb5 Nxb5 20. a4 Nc7 21. Rab1 Nd5 22. Bd2 f5 23. Nc5 Bxc5 24. bxc5 b6 25. cxb6 axb6 26. Rfc1 Nge7 27. Ng5 Rxa4 28. Nxe6 Rda8 29. Bg5 b5 30. Rc5 h6 31. Bxe7 Nxe7 32. Rbc1 Kf7 33. Nc7 R8a7 34. Nxb5 cxb5 35. d5 Rd4 36. d6 Ng6 37. Rc7+ Rxc7 38. dxc7 Ne7 39. c8=Q Nxc8 40. Rxc8 f4 41. Rb8 b4 42. gxf4 Rxf4 43. Rb6 Re4 44. Kg2 Rxe5 45. Rxb4 Kg6 46. Kg3 Kh5 47. Rh4+ Kg5 48. Rb4 Kf6 49. h4 Rc5 50. Rb6+ Kf5 51. Rb7 Kg6 52. Rb6+ Kh5 53. Rb4 Rc3+ 54. f3 Rc5 55. Rg4 g6 56. Rb4 Ra5 57. Re4 Rf5 58. Rb4 g5 59. hxg5 hxg5 60. Rb8 Rf7 61. Rh8+ Kg6 62. Ra8 Rh7 63. Ra6+ Kh5 64. f4 Rb7 0-1


[Site "https://www.chess.com"]

[Event "Titled Tuesday Blitz February 21 Early 2023"]
[White "Bethke, Richard"]
[Black "Jenkins, Drake"]
[WhiteFideId "12959243"]
[BlackFideId "2022397"]
[WhiteElo "2382"]
[BlackElo "2130"]
[Result "1-0"]
[Round "09"]
[TimeControl "180+2"]
[Date "2023.02.21"]
[WhiteClock "0:01:36"]
[BlackClock "0:00:01"]

1. e4 c6 2. Nf3 d5 3. Nc3 dxe4 4. Nxe4 Nf6 5. Qe2 Nxe4 6. Qxe4 Qd5 7. Qh4 Bf5 8. Bc4 Qd6 9. d3 e6 10. Qg3 Qxg3 11. hxg3 h6 12. Bd2 Nd7 13. Bc3 a5 14. a4 Bb4 15. Bxb4 axb4 16. Kd2 Ke7 17. Rh4 Ra5 18. g4 Bg6 19. g5 h5 20. g4 b5 21. Bb3 Rh7 22. Nd4 Kd6 23. Rah1 bxa4 24. Bc4 c5 25. Nb5+ Kc6 26. gxh5 Bf5 27. f4 Rxb5 28. Bxb5+ Kxb5 29. h6 g6 30. c4+ bxc3+ 31. bxc3 c4 32. Rb1+ Kc5 33. d4+ Kd5 34. Rb7 f6 35. Ke3 fxg5 36. fxg5 Nf8 37. Rb8 Nd7 38. Rb7 e5 39. dxe5 Kxe5 40. Rxc4 1-0


[Site "https://www.chess.com"]

[Event "Titled Tuesday Blitz February 21 Early 2023"]
[White "Kaganskiy, Gleb"]
[Black "Malyi, Viacheslav"]
[WhiteFideId "4132025"]
[BlackFideId "14123983"]
[WhiteElo "2205"]
[BlackElo "2391"]
[Result "0-1"]
[Round "09"]
[TimeControl "180+2"]
[Date "2023.02.21"]
[WhiteClock "0:01:37"]
[BlackClock "0:01:18"]

1. e4 e5 2. Nf3 Nc6 3. Nc3 Nf6 4. d4 exd4 5. Nxd4 Bc5 6. Be3 Bb6 7. Qd2 O-O 8. O-O-O Re8 9. f3 d5 10. exd5 Nxd5 11. Nxd5 Qxd5 12. Bf2 Nxd4 13. Bxd4 Qxa2 14. b3 Bf5 15. Qc3 Bxd4 16. Rxd4 Bxc2 17. Ra4 Qb1+ 18. Kd2 Qd1# 0-1


[Site "https://www.chess.com"]

[Event "Titled Tuesday Blitz February 21 Early 2023"]
[White "Szyszylo, Rafal"]
[Black "Ibadov, Dashgyn"]
[WhiteFideId "1109626"]
[BlackFideId "24107514"]
[WhiteElo "2091"]
[BlackElo "2391"]
[Result "0-1"]
[Round "09"]
[TimeControl "180+2"]
[Date "2023.02.21"]
[WhiteClock "0:00:01"]
[BlackClock "0:00:09"]

1. e4 e5 2. Nf3 Nc6 3. Bb5 a6 4. Ba4 Nf6 5. d3 b5 6. Bb3 Bc5 7. c3 d6 8. O-O h6 9. Nbd2 O-O 10. Re1 Bb6 11. Nf1 Ne7 12. Nh4 Bg4 13. Qc2 Kh7 14. Ng3 Be6 15. d4 Bxb3 16. axb3 Ng6 17. Nhf5 a5 18. Qe2 Qd7 19. Qf3 Ng8 20. h4 Rae8 21. d5 c6 22. c4 cxd5 23. cxd5 N6e7 24. h5 Nxf5 25. Nxf5 Ne7 26. g4 Nxf5 27. gxf5 Bd8 28. Bd2 b4 29. Kh2 Qb5 30. Rg1 Bf6 31. Rac1 Rc8 32. Qg4 Qd3 33. Be3 Qxb3 34. Rxc8 Rxc8 35. Bc1 Rc2 36. Bxh6 Kxh6 37. Kh1 Rxf2 0-1


[Site "https://www.chess.com"]

[Event "Titled Tuesday Blitz February 21 Early 2023"]
[White "Novikov, Evgenij"]
[Black "Alice, Mateus Felizardo Viageiro"]
[WhiteFideId "4125380"]
[BlackFideId "14800047"]
[WhiteElo "2276"]
[BlackElo "2202"]
[Result "1-0"]
[Round "09"]
[TimeControl "180+2"]
[Date "2023.02.21"]
[WhiteClock "0:00:06"]
[BlackClock "0:00:11"]

1. d4 Nf6 2. c4 e6 3. a3 d5 4. Nc3 dxc4 5. e4 c5 6. d5 exd5 7. exd5 a6 8. a4 Bd6 9. Bxc4 O-O 10. Nge2 h6 11. O-O Ng4 12. Bf4 Bxf4 13. Nxf4 Qh4 14. h3 Ne5 15. g3 Qf6 16. Be2 Bf5 17. Qb3 Nbd7 18. Rad1 Qd6 19. g4 Bh7 20. Ng2 f5 21. f4 c4 22. Qc2 Qb6+ 23. Kh2 fxg4 24. f5 gxh3 25. Kxh3 Rae8 26. d6 Nf6 27. Nd5 Nxd5 28. Rxd5 Qc6 29. Rd4 Qd7 30. Nh4 g5 31. Bxc4+ Kh8 32. Kh2 gxh4 33. Rdf4 Qxd6 34. Kh1 Qf6 35. Be2 Rc8 36. Qe4 Rg8 37. Bh5 Rcf8 38. Rxh4 Nf7 39. Rhf4 Ng5 40. Qxb7 Rg7 41. Qd5 Bg8 42. Qg2 Nf7 43. Qh3 Qg5 44. Bg6 Ne5 45. Rh4 Nxg6 46. Rxh6+ Rh7 47. Rxh7+ Bxh7 48. fxg6 Rxf1+ 49. Qxf1 Bxg6 50. Qh3+ Kg7 51. Qd7+ Bf7 52. Qd4+ Qf6 53. Qg4+ Kf8 54. Qc8+ Be8 55. Qc5+ Kg7 56. b4 Bc6+ 57. Kg1 Qg6+ 58. Kf2 Qg2+ 59. Ke3 Qe4+ 60. Kd2 Bxa4 61. Qa7+ Kh6 62. Qxa6+ Kg5 63. Qxa4 Kf4 64. Kc3 Qb7 65. Qa5 Ke4 66. Kb3 Kd4 67. Qc5+ Ke4 68. b5 Qf7+ 69. Qc4+ Qxc4+ 70. Kxc4 1-0


[Site "https://www.chess.com"]

[Event "Titled Tuesday Blitz February 21 Early 2023"]
[White "I_KID_you_not"]
[Black "The_Sherman_Variation"]
[WhiteElo "2364"]
[BlackElo "2513"]
[Result "1-0"]
[Round "09"]
[TimeControl "180+2"]
[Date "2023.02.21"]
[WhiteClock "0:00:03"]
[BlackClock "0:00:22"]

1. e4 c6 2. d4 d5 3. exd5 cxd5 4. Bd3 Nf6 5. c3 Nc6 6. Bf4 Bg4 7. Qb3 Qd7 8. Nd2 e6 9. Ngf3 Bd6 10. Bxd6 Qxd6 11. O-O O-O 12. Rae1 a5 13. Ne5 Qc7 14. Qc2 h6 15. h3 Bf5 16. Bxf5 exf5 17. Qxf5 Rae8 18. g4 Nxe5 19. dxe5 Nd7 20. Nf3 Nc5 21. g5 g6 22. Qg4 h5 23. Qd4 Rd8 24. Re3 Qe7 25. Rfe1 Ne4 26. Rxe4 dxe4 27. Qxe4 Rd7 28. e6 Rd6 29. exf7+ Qxf7 30. Kg2 Kh7 31. b3 Rd5 32. Re2 Rf5 33. Re3 Kg8 34. h4 Rf4 35. Qd3 Rg4+ 36. Kh3 Kh7 37. Ne5 Rxh4+ 38. Kxh4 Qxf2+ 39. Kh3 Rf5 40. Qd7+ Kg8 41. Qe8+ Kh7 42. Qxg6+ Kh8 43. Nf7+ Rxf7 44. Re8+ Rf8 45. Qh6+ Kg8 46. Rxf8+ Qxf8 47. Qxf8+ Kxf8 48. Kh4 Kg7 49. Kxh5 b5 50. c4 1-0


[Site "https://www.chess.com"]

[Event "Titled Tuesday Blitz February 21 Early 2023"]
[White "Petrovic, Aleksa"]
[Black "Jimenez Jimenez, Leandro"]
[WhiteFideId "967629"]
[BlackFideId "6415253"]
[WhiteElo "2332"]
[BlackElo "2146"]
[Result "0-1"]
[Round "09"]
[TimeControl "180+2"]
[Date "2023.02.21"]
[WhiteClock "0:00:04"]
[BlackClock "0:00:15"]

1. d4 d5 2. c4 e6 3. Nf3 dxc4 4. Nc3 a6 5. a4 Nc6 6. e4 Na5 7. d5 Nf6 8. Bg5 Be7 9. Be2 Nxd5 10. exd5 Bxg5 11. O-O O-O 12. dxe6 Bxe6 13. Qc2 Bf6 14. Rad1 Qe7 15. Nd4 Bxd4 16. Rxd4 Rad8 17. Rfd1 Rxd4 18. Rxd4 Rd8 19. Qd1 Rxd4 20. Qxd4 Qd6 21. Qa7 h6 22. h3 Qf4 23. Bf3 Qc1+ 24. Kh2 Qxb2 25. Be4 f5 26. Qb8+ Kh7 27. Qxc7 Qxc3 28. Bf3 Bg8 29. Qd7 Qe5+ 30. g3 c3 31. Kg2 b5 32. g4 fxg4 33. Bxg4 Kh8 34. Bf5 b4 35. Bb1 b3 36. Qd3 c2 37. Bxc2 bxc2 38. Qxc2 Bd5+ 39. f3 Nc4 40. Qb1 Ne3+ 41. Kf2 Nf5 42. Qc2 Qe3+ 43. Kf1 Qxf3+ 44. Ke1 Qe3+ 45. Kd1 Bb3 0-1


[Site "https://www.chess.com"]

[Event "Titled Tuesday Blitz February 21 Early 2023"]
[White "Matveeva, Olga"]
[Black "Cunha, Lucas Aguiar"]
[WhiteFideId "24107018"]
[BlackFideId "2125404"]
[WhiteElo "2128"]
[BlackElo "2309"]
[Result "0-1"]
[Round "09"]
[TimeControl "180+2"]
[Date "2023.02.21"]
[WhiteClock "0:00:01"]
[BlackClock "0:00:21"]

1. d4 Nf6 2. c4 e6 3. g3 d5 4. Nf3 dxc4 5. Bg2 c5 6. O-O Nc6 7. Qa4 cxd4 8. Nxd4 Qxd4 9. Bxc6+ bxc6 10. Qxc6+ Qd7 11. Qxa8 Bc5 12. Nc3 O-O 13. Qf3 Bb7 14. e4 Qc7 15. Bf4 e5 16. Bg5 Nxe4 17. Nxe4 f5 18. Qc3 Bd4 19. Qb4 Bxe4 20. Rac1 Rc8 21. Be3 Ba8 22. Bxd4 exd4 23. b3 c3 24. Qxd4 Qc6 25. f3 a5 26. Rf2 h6 27. Kg2 Kh7 28. Qf4 Qd5 29. Rcc2 Qd3 30. h4 Bd5 31. Qc1 Rc6 32. Qf4 Re6 33. Qc1 Re3 34. Qf1 Qd4 35. Qc1 f4 36. g4 h5 37. gxh5 Kh6 38. Qg1 Qf6 39. Kf1 Qf5 40. Qg6+ Qxg6 41. hxg6 Bxf3 42. Rc1 Kh5 43. Rfc2 Kg4 44. Rxc3 Re6 0-1


[Site "https://www.chess.com"]

[Event "Titled Tuesday Blitz February 21 Early 2023"]
[White "Eynullayev, Atilla"]
[Black "Petrova, Irina"]
[WhiteFideId "13413570"]
[BlackFideId "14124122"]
[WhiteElo "2281"]
[BlackElo "2108"]
[Result "1-0"]
[Round "09"]
[TimeControl "180+2"]
[Date "2023.02.21"]
[WhiteClock "0:00:31"]
[BlackClock "0:00:28"]

1. d4 d6 2. c4 e5 3. Nc3 exd4 4. Qxd4 Nc6 5. Qd2 Nf6 6. e4 Be6 7. b3 a5 8. Bd3 g6 9. Nge2 Bg7 10. Bb2 O-O 11. O-O Nd7 12. h3 Nc5 13. Bc2 Re8 14. Rae1 Qh4 15. Bb1 a4 16. Nb5 axb3 17. Bxg7 bxa2 18. Bxa2 Kxg7 19. Nxc7 Nxe4 20. Qb2+ Qf6 21. Nxe8+ Rxe8 22. Qxb7 Ne5 23. Qxe4 Bxh3 24. Qf4 Bf5 25. Ng3 Ra8 26. Nxf5+ gxf5 27. Bb1 Rg8 28. Qxf5 Qh4 29. f4 Ng4 30. Qg5+ Qxg5 31. fxg5 Ne5 32. c5 1-0


[Site "https://www.chess.com"]

[Event "Titled Tuesday Blitz February 21 Early 2023"]
[White "Aarav Dengla"]
[Black "Melikhov, Evgeny V."]
[WhiteFideId "45059756"]
[BlackFideId "4122046"]
[WhiteElo "2343"]
[BlackElo "2269"]
[Result "0-1"]
[Round "09"]
[TimeControl "180+2"]
[Date "2023.02.21"]
[WhiteClock "0:00:03"]
[BlackClock "0:00:14"]

1. e4 e5 2. Nf3 Nc6 3. Bb5 a6 4. Ba4 Nf6 5. d3 b5 6. Bb3 Be7 7. O-O d6 8. c3 O-O 9. h3 Na5 10. Bc2 c5 11. Re1 Bb7 12. Nbd2 Re8 13. Nf1 Bf8 14. Ng3 d5 15. exd5 Qxd5 16. Bg5 Nd7 17. d4 exd4 18. Be4 Qd6 19. cxd4 cxd4 20. Nxd4 Bxe4 21. Nxe4 Qd5 22. Nc2 Nb6 23. Qf3 Rxe4 24. Rxe4 Qxg5 25. Rg4 Qd5 26. Qf6 Qe6 27. Qc3 Nac4 28. b3 Qe5 29. Nd4 Nd6 30. Re1 Qd5 31. Qc2 Rc8 32. Qd3 g6 33. Rg3 Bg7 34. Ne6 fxe6 35. Qxd5 exd5 36. Re6 Rd8 37. Rd3 Kf7 38. Ree3 Nf5 39. Re1 d4 40. g4 Nd6 41. Rc1 Nd5 42. Rc5 Nf4 43. Rd1 d3 44. Rc6 Ne4 45. Rxa6 d2 46. Ra7+ Kg8 47. Ra5 Nc3 48. Rxd2 Rxd2 49. Ra8+ Kf7 50. a4 Bd4 0-1


[Site "https://www.chess.com"]

[Event "Titled Tuesday Blitz February 21 Early 2023"]
[White "Zacurdajev, Dmitry"]
[Black "Todev, Simeon"]
[WhiteFideId "4196309"]
[BlackFideId "2925133"]
[WhiteElo "2273"]
[BlackElo "2033"]
[Result "1-0"]
[Round "09"]
[TimeControl "180+2"]
[Date "2023.02.21"]
[WhiteClock "0:00:08"]
[BlackClock "0:00:01"]

1. d4 Nf6 2. c4 d5 3. cxd5 Nxd5 4. e4 Nf6 5. Nc3 c5 6. Nf3 cxd4 7. Qxd4 Qxd4 8. Nxd4 e5 9. Ndb5 Na6 10. Bg5 Bb4 11. O-O-O Bd7 12. Bxf6 gxf6 13. Nd5 Bc6 14. Nbc7+ Nxc7 15. Nxc7+ Ke7 16. Nxa8 Rxa8 17. f3 Rc8 18. Kb1 Bc5 19. Bc4 Bd4 20. Rc1 Rg8 21. g4 h5 22. h3 Rh8 23. a3 a5 24. b4 axb4 25. axb4 Ra8 26. b5 Bd7 27. gxh5 Rh8 28. Bd5 Rxh5 29. Rc7 Kd6 30. Rxb7 Rh8 31. Bxf7 Bxh3 32. Bd5 f5 33. Rf7 fxe4 34. fxe4 Kc5 35. Bc6 Rh5 36. Rf3 Bg4 37. Rxh5 Bxh5 38. Rf8 Be2 39. Rb8 Bd3+ 40. Ka2 Bc4+ 41. Ka3 Be3 42. Ka4 Bd2 43. Rd8 Bc3 44. Rc8 Kb6 45. Be8 Bd3 46. Rxc3 Bxe4 47. Kb4 Bf5 48. Bc6 e4 49. Re3 Be6 50. Bxe4 1-0


[Site "https://www.chess.com"]

[Event "Titled Tuesday Blitz February 21 Early 2023"]
[White "Delorme, Axel"]
[Black "Deev, Andrei"]
[WhiteFideId "632023"]
[BlackFideId "4102690"]
[WhiteElo "2483"]
[BlackElo "2390"]
[Result "1-0"]
[Round "09"]
[TimeControl "180+2"]
[Date "2023.02.21"]
[WhiteClock "0:00:31"]
[BlackClock "0:00:03"]

1. e4 d6 2. d4 Nf6 3. Nc3 c6 4. f4 Qa5 5. Bd3 e5 6. Nf3 Bg4 7. Be3 Nbd7 8. O-O Be7 9. h3 Bh5 10. a3 O-O 11. Qe1 Bxf3 12. Rxf3 exf4 13. Bxf4 Qb6 14. Be3 Rae8 15. Rb1 c5 16. Qf2 cxd4 17. Bxd4 Qa5 18. Rg3 Ne5 19. Bxa7 Nxd3 20. cxd3 b5 21. Bb6 Qa6 22. Bd4 Kh8 23. Rf1 Rg8 24. Qf5 Qc8 25. Qxb5 d5 26. Nxd5 Nxd5 27. exd5 Bd6 28. Rgf3 f6 29. Qc6 Qd8 30. Rxf6 gxf6 31. Bxf6+ Qxf6 32. Rxf6 Be5 1-0


[Site "https://www.chess.com"]

[Event "Titled Tuesday Blitz February 21 Early 2023"]
[White "Matko, Ognjen"]
[Black "Liu, Casper"]
[WhiteFideId "14509717"]
[BlackFideId "1454153"]
[WhiteElo "2295"]
[BlackElo "2278"]
[Result "0-1"]
[Round "09"]
[TimeControl "180+2"]
[Date "2023.02.21"]
[WhiteClock "0:00:17"]
[BlackClock "0:00:03"]

1. e4 c5 2. Nf3 d6 3. d4 cxd4 4. Qxd4 Nf6 5. Nc3 Nc6 6. Bb5 Bd7 7. Bxc6 bxc6 8. Bg5 Qb6 9. Qxb6 axb6 10. e5 Ng4 11. exd6 exd6 12. O-O f6 13. Bf4 Kf7 14. h3 Ne5 15. Nd2 Be7 16. Rad1 Bf5 17. Bxe5 dxe5 18. Nc4 Rhd8 19. Ne3 Be6 20. a3 b5 21. g4 b4 22. axb4 Bxb4 23. Ne4 Bd5 24. Ng3 Bf3 25. Rxd8 Rxd8 26. c3 Bc5 27. b4 Bb6 28. Rc1 Rd3 29. Ngf1 Be2 30. c4 Bxf1 31. Nxf1 Rxh3 32. c5 Bd8 33. Ne3 Ke6 34. Rd1 Be7 35. Kg2 Rh4 36. f3 g6 37. Kg3 f5 38. Kg2 e4 39. fxe4 f4 40. Nc4 Rxg4+ 41. Kf3 h5 42. Na5 g5 43. Nxc6 Rg3+ 44. Kf2 h4 45. Nxe7 Kxe7 46. c6 Rc3 47. b5 g4 48. Rd7+ Ke6 49. Rh7 Rc2+ 50. Ke1 f3 51. c7 g3 52. Rh6+ Ke5 53. Rc6 g2 54. Rg6 Rxc7 55. Rg5+ Kf4 56. Rxg2 fxg2 57. Kf2 Rc2+ 58. Kg1 Kg3 59. b6 Rc1# 0-1


[Site "https://www.chess.com"]

[Event "Titled Tuesday Blitz February 21 Early 2023"]
[White "Fernandez Siles, Luis"]
[Black "Gatterer, Florian"]
[WhiteFideId "2209420"]
[BlackFideId "811688"]
[WhiteElo "2218"]
[BlackElo "2170"]
[Result "0-1"]
[Round "09"]
[TimeControl "180+2"]
[Date "2023.02.21"]
[WhiteClock "0:01:27"]
[BlackClock "0:01:12"]

1. d4 d5 2. c4 c6 3. Nc3 Nf6 4. cxd5 cxd5 5. Bf4 Nc6 6. e3 Bf5 7. Qb3 Na5 8. Bb5+ Bd7 9. Qa4 Nc6 10. Bd3 a6 11. Qd1 Bg4 12. Nge2 e6 13. O-O Bd6 14. f3 Bh5 15. Rc1 Bg6 16. Bxd6 Qxd6 17. f4 O-O 18. Bxg6 hxg6 19. Na4 Rfc8 20. a3 Na5 21. Nc5 Nc4 22. Qb3 Nd2 23. Qxb7 Nxf1 24. Rxf1 Rab8 25. Qxa6 Qxa6 26. Nxa6 Rxb2 0-1


[Site "https://www.chess.com"]

[Event "Titled Tuesday Blitz February 21 Early 2023"]
[White "QuiesPrecatio"]
[Black "Zaichenko, Daria"]
[BlackFideId "4197453"]
[WhiteElo "2417"]
[BlackElo "2104"]
[Result "1-0"]
[Round "09"]
[TimeControl "180+2"]
[Date "2023.02.21"]
[WhiteClock "0:01:31"]
[BlackClock "0:00:49"]

1. Nf3 Nf6 2. c4 e6 3. d4 d5 4. Nc3 Be7 5. cxd5 exd5 6. Bg5 c6 7. Qc2 O-O 8. e3 Ne4 9. Bxe7 Qxe7 10. Bd3 f5 11. O-O Nd7 12. Rab1 a5 13. a3 Ndf6 14. Ne5 Nxc3 15. Qxc3 Ne4 16. Bxe4 fxe4 17. f4 exf3 18. Rxf3 Bf5 19. Rbf1 Be4 20. Rxf8+ Rxf8 21. Rxf8+ Kxf8 22. Qxa5 g6 23. Qe1 Kg7 24. Qf2 Qg5 25. h4 Qe7 26. g4 c5 27. g5 cxd4 28. exd4 Bf5 29. Qf3 Be4 30. Qf4 Bf5 31. Kf2 Qc7 32. Qd2 Qb6 33. Qc3 Be4 34. b4 Qd8 35. Qc5 h6 36. gxh6+ Kxh6 37. Nf7+ 1-0


[Site "https://www.chess.com"]

[Event "Titled Tuesday Blitz February 21 Early 2023"]
[White "kiwibobo"]
[Black "Bas Mas, Jose Joaquin"]
[BlackFideId "22219064"]
[WhiteElo "2140"]
[BlackElo "2197"]
[Result "0-1"]
[Round "09"]
[TimeControl "180+2"]
[Date "2023.02.21"]
[WhiteClock "0:00:14"]
[BlackClock "0:00:04"]

1. e4 e6 2. d4 d5 3. Nd2 Nf6 4. e5 Nfd7 5. c3 c5 6. Bd3 Nc6 7. Ne2 cxd4 8. cxd4 f6 9. exf6 Nxf6 10. O-O Bd6 11. Nf3 Qc7 12. g3 O-O 13. Bf4 Ne4 14. Bxd6 Qxd6 15. Bxe4 dxe4 16. Ne5 Nxe5 17. dxe5 Qxe5 18. Qb3 b6 19. Rac1 Bb7 20. Nf4 Rae8 21. Qe3 g5 22. Nd3 Qg7 23. Ne1 h6 24. Rc3 Rf7 25. Ng2 Ref8 26. Qe2 Qd4 27. Ne3 Rf3 28. Rd1 Qf6 29. Rf1 h5 30. Rc7 Rf7 31. Qc2 Kg7 32. Rxf7+ Qxf7 33. Qc3+ Kh7 34. Qe5 Kh6 35. Rc1 Qf6 36. Qc7 Qxb2 37. Rf1 Qg7 38. Qd6 Qf7 39. Rc1 Bd5 40. Rc7 Qf8 41. Qe5 Rxf2 42. Nxd5 Rf1+ 43. Kg2 Qf2+ 44. Kh3 g4+ 45. Kh4 Qxh2# 0-1


[Site "https://www.chess.com"]

[Event "Titled Tuesday Blitz February 21 Early 2023"]
[White "Mendez Machado, Andre"]
[Black "Florescu, Codrut-Constantin"]
[WhiteFideId "6603793"]
[BlackFideId "1202200"]
[WhiteElo "1974"]
[BlackElo "2259"]
[Result "0-1"]
[Round "09"]
[TimeControl "180+2"]
[Date "2023.02.21"]
[WhiteClock "0:00:08"]
[BlackClock "0:01:17"]

1. e4 c5 2. Nc3 e6 3. d4 cxd4 4. Qxd4 Nc6 5. Qe3 a6 6. Qg3 b5 7. Bd3 Nf6 8. Nf3 d6 9. O-O Bb7 10. a3 Qc7 11. Re1 h6 12. b4 Ne5 13. Nxe5 dxe5 14. Bb2 Nh5 15. Qe3 Nf4 16. g3 Nxd3 17. cxd3 Bd6 18. Rac1 Qe7 19. Ne2 O-O 20. f4 exf4 21. Nxf4 Bb8 22. Bd4 e5 23. Bc5 exf4 24. Bxe7 fxe3 25. Bxf8 Kxf8 26. d4 Bd6 27. Rxe3 a5 28. e5 Be7 29. Rc7 Bd5 30. Rd7 Bc4 31. d5 axb4 32. d6 Bg5 33. Re1 bxa3 34. Rb7 a2 35. Ra1 Be3+ 36. Kg2 Bd5+ 37. Kh3 Bxb7 0-1


[Site "https://www.chess.com"]